 Dungeon Crawl Stone Soup version 0.27.0-1-g7a089689b8 (webtiles) character file.

Game seed: 2165945638365955333

1101 ZombieSheep the Skirmisher (level 8, -3/57 (64) HPs)
             Began as a Formicid Abyssal Knight on Aug 3, 2021.
             Was a Believer of Lugonu.
             Slain by a wight (6 damage)
             ... on level 7 of the Dungeon.
             The game lasted 00:11:47 (6681 turns).

ZombieSheep the Skirmisher (FoAK)                   Turns: 6681, Time: 00:11:48

HP:   -3/57 (64)    AC:  7    Str: 18    XL:     8   Next: 58%
MP:   12/12         EV: 10    Int: 13    God:    Lugonu [**....]
Gold: 208           SH:  5    Dex: 10    Spells: 7/7 levels left

rFire    . . .     SeeInvis +   a - +0 trident
rCold    . . .     Faith    .   (no shield)
rNeg     . . .     Spirit   .   j - +0 scale mail
rPois    .         Reflect  +   (helmet unavailable)
rElec    .         Harm     .   (no cloak)
rCorr    .         Rampage  .   (no gloves)
Will     .....                  (no boots)
Stlth    ..........             o - amulet of reflection
HPRegen  0.19/turn              (no ring)
MPRegen  0.13/turn              (no ring)

@: heavily drained
A: permanent stasis, dig shafts and tunnels, antennae 3, four strong arms
a: Dig, Shaft Self, Renounce Religion, Depart the Abyss, Bend Space


You were on level 7 of the Dungeon.
You worshipped Lugonu.
Lugonu was pleased with you.
You visited 1 branch of the dungeon, and saw 6 of its levels.
You visited the Abyss 1 time.

You collected 208 gold pieces.

Inventory:

Hand Weapons
 a - a +0 trident (weapon)
 d - a +1 spear
Armour
 j - a +0 scale mail (worn)
Jewellery
 o - an amulet of reflection (around neck)
Wands
 i - a wand of flame (5)
Scrolls
 f - a scroll of fear
 g - a scroll of magic mapping {unknown}
 m - a scroll of enchant armour {unknown}
Potions
 c - a potion of invisibility
 k - a potion of flight
 n - 3 potions of lignification


   Skills:
 + Level 5.6 Fighting
 + Level 4.6 Polearms
 + Level 5.1 Armour
 + Level 3.8 Dodging
 + Level 5.4 Invocations


You had 7 spell levels left.
You didn't know any spells.
Your spell library contained the following spells:

 Spells                   Type           Power      Damage    Failure   Level
 Shock                    Conj/Air       0%         1d3       65%         1
 Airstrike                Air            0%         N/A       100%        4
 Swiftness                Air            Unusable   N/A       N/A         3

Dungeon Overview and Level Annotations

Branches:
Dungeon (7/15)
 Temple: D:4-7

Altars:
Dithmenos
Hepliaklqana
Makhleb
Okawaru
Trog
The Shining One

Shops:
D:6 =

Annotations:
D:6 Dowan, Duvessa, Pikel


Innate Abilities, Weirdness & Mutations

You cannot be hasted, slowed, berserked, paralysed or teleported.
You can dig through walls and to a lower floor.
You have a pair of large antennae on your head. (SInv)
Your four strong arms can wield two-handed weapons with a shield.


Message History

You hit the wight.
The wight is heavily damaged.
The wight closely misses you.
You barely miss the wight.
The wight is heavily damaged.
The wight hits you with a +3 war axe!
You are too injured to fight recklessly!
You are too injured to fight recklessly!
You hit the wight.
The wight is severely damaged.
The wight hits you with a +3 war axe.
You barely miss the wight.
The wight is severely damaged.
The wight completely misses you.
You closely miss the wight.
The wight is severely damaged.
The wight hits you with a +3 war axe.
You feel drained.
You hit the wight but do no damage.
The wight is severely damaged.
The wight closely misses you.
You barely miss the wight.
The wight is severely damaged.
You block the wight's attack.
You closely miss the wight.
The wight is severely damaged.
You block the wight's attack.
You hit the wight.
The wight is severely damaged.
The wight hits you with a +3 war axe!
* * * LOW HITPOINT WARNING * * *
You hit the wight but do no damage.
The wight is severely damaged.
The wight hits you with a +3 war axe.
* * * LOW HITPOINT WARNING * * *
You feel drained.
* * * LOW HITPOINT WARNING * * *
You hit the wight but do no damage.
The wight is severely damaged.
The wight hits you with a +3 war axe.
You die...

#..#.## ####..#
#..#.# #..# #..#.#
#..# #..#.#
#########..# #.<#.#
#..........# #..#.#
#.########.# #..#.#
#.#........#
#..#.#####.#.########
#....zz@.....#
##.#.#####.#### #.#.#
#....## #.#.# #..#..#
#.#.# #.###.# #.#.#
#..#..# #.#.# ##...##
#.#.### ##.## ######
#.#.[.# #.# #.....


You could see 2 wights.

Vanquished Creatures
  2 water moccasins (D:7)
  A sky beast (D:7)
  2 black bears
  An ogre (D:4)
  A centaur (D:7)
  A bullfrog (D:7)
  A wyvern skeleton (D:7)
  2 hounds
  A gnoll shaman (D:4)
  An iguana (D:3)
  An orc wizard (D:4)
  A killer bee zombie (D:6)
  A howler monkey zombie (D:7)
  5 adders (D:3)
  3 gnolls (D:4)
  A howler monkey skeleton (D:6)
  An adder skeleton (D:4)
  3 worms
  3 dart slugs
  5 orcs
  5 bats
  5 endoplasms
  5 giant cockroaches
  2 hobgoblins
  3 jackals (D:1)
  3 quokkas
  3 ball pythons
  8 goblins
  6 kobolds
  6 rats
83 creatures vanquished.

Vanquished Creatures (others)
  6 plants (D:4)
6 creatures vanquished.

Grand Total: 89 creatures vanquished

Notes
Turn   | Place    | Note
-------+----------+-------------------------------------------
     0 | Abyss:1  | ZombieSheep the Formicid Abyssal Knight began the quest for
                  | the Orb.
     0 | Abyss:1  | Reached XP level 1. HP: 18/18 MP: 2/2
    14 | Abyss:1  | Noticed a tormentor
    15 | D:1      | Escaped the Abyss
    80 | D:1      | Reached skill level 1 in Dodging
   167 | D:1      | Reached XP level 2. HP: 12/24 MP: 3/3
   464 | D:1      | Reached * piety under Lugonu
   915 | D:1      | Reached XP level 3. HP: 29/29 MP: 4/4
  1175 | D:2      | Found a glowing golden altar of the Shining One.
  1876 | D:3      | Reached XP level 4. HP: 20/37 MP: 6/6
  2013 | D:3      | Found a shadowy altar of Dithmenos.
  2065 | D:3      | Found a bloodstained altar of Trog.
  2983 | D:3      | Reached XP level 5. HP: 30/42 MP: 7/7
  3185 | D:4      | Noticed a black bear
  3197 | D:4      | Killed a black bear
  3198 | D:4      | Reached XP level 6. HP: 29/48 MP: 8/8
  3233 | D:4      | Noticed an ogre
  3258 | D:4      | Killed an ogre
  3617 | D:4      | Reached ** piety under Lugonu
  3621 | D:4      | Reached XP level 7. HP: 17/55 MP: 10/10
  4274 | D:4      | You fall into a shaft and drop 2 floors!
  4275 | D:6      | Noticed Duvessa
  4275 | D:6      | Noticed Dowan
  4279 | D:6      | You fall into a shaft and drop 1 floor!
  4562 | D:6      | Noticed Pikel
  4849 | D:7      | Found an iron altar of Okawaru.
  4867 | D:6      | Found Peirral's Jewellery Shoppe.
  4888 | D:6      | Noticed a water moccasin
  4905 | D:7      | Killed a water moccasin
  4906 | D:7      | Reached skill level 5 in Fighting
  5066 | D:7      | Found a burning altar of Makhleb.
  5166 | D:7      | Reached XP level 8. HP: 46/62 MP: 11/11
  5285 | D:7      | Found a hazy altar of Hepliaklqana.
  5407 | D:7      | Reached skill level 5 in Invocations
  6108 | D:7      | Reached skill level 5 in Armour
  6681 | D:7      | Slain by a wight

Illustrated notes

Levels and vault maps discovered:
D:1:      lemuel_arrival_room, layout_loops_ring
D:2:      layout_basic, basic_altar
D:3:      layout_basic, mainiacjoe_overflow_small_starburst,
          nicolae_overflow_crystal_walls
D:4:      layout_loops_ring, mainiacjoe_overflow_surrounded_room,
          minmay_temple_entry_gardened_gates, serial_rivers,
          chequers_serial_rivers_micro_e, chequers_serial_rivers_room_b,
          chequers_serial_rivers_room_b, chequers_serial_rivers_small_a,
          chequers_serial_rivers_micro_c, chequers_serial_rivers_small_b,
          uniq_ijyb
D:6:      layout_cave_pods, nicolae_take_the_stairs, grunt_ministairs_10,
          minmay_fractal_squares_diagonal_5, uniq_edmund, uniq_pikel,
          uniq_duvessa
D:7:      layout_loops_ring, mainiacjoe_overflow_cross_hatched,
          kennysheep_mini_moat, nicolae_hepliaklqana_hippocampus

Skill      XL: |  1  2  3  4  5  6  7  8 |
---------------+-------------------------+-----
Dodging        | 1 2 3 |  3.8
Invocations    | 3 4 5 |  5.4
Armour         | 3 4 5 |  5.1
Fighting       | 4 5 |  5.6
Polearms       | 3 4 |  4.6

Action                   |  1- 3 |  4- 6 |  7- 9 || total
-------------------------+-------+-------+-------++-------
Melee: Spear             |    65 |       |       ||    65
       Trident           |    48 |   116 |   170 ||   334
Throw: Throwing net      |       |       |     1 ||     1
Invok: Depart the Abyss  |     1 |       |       ||     1
 Abil: Dig               |       |       |     1 ||     1
       Shaft Self        |       |       |     1 ||     1
Evoke: Wand              |       |    11 |       ||    11
  Use: Scroll            |     3 |     3 |     3 ||     9
       Potion            |       |     3 |     5 ||     8
 Stab: Invisible         |       |     1 |       ||     1
Armor: Leather armour    |     6 |       |       ||     6
       Ring mail         |     9 |       |       ||     9
       Scale mail        |    11 |    60 |    71 ||   142
       Skin              |       |       |    14 ||    14
Dodge: Dodged            |    57 |    52 |    84 ||   193
Block: Other             |       |       |    44 ||    44
